 Dungeon Crawl Stone Soup version 0.32-a0-995-gb4a59205af (webtiles) character file.

Game seed: 3249190972695857505

1011 protoss039 the Digger (level 8, 61/61 (62) HPs)
             Began as a Demonspawn Earth Elementalist on Apr 22, 2024.
             Got out of the dungeon alive.
             The game lasted 00:06:31 (5260 turns).

protoss039 the Digger (DsEE)                        Turns: 5260, Time: 00:06:32

HP:   61/61 (62)    AC:  2    Str:  8    XL:     8   Next: 1%
MP:   15/15         EV: 11    Int: 18    God:
Gold: 199           SH:  0    Dex: 14    Spells: 10/17 levels left

rFire   + . .        q - +1 whip (elec)
rCold   . . .        (no shield)
rNeg    . . .        a - +0 robe
rPois   .            (no helmet)
rElec   .            (no cloak)
rCorr   .            (no gloves)
SInv    .            (no boots)
Will    .....        (no amulet)
Stlth   +++          t - ring of protection from fire
HPRegen 0.30/turn    (no ring)
MPRegen 0.28/turn

%: no passive effects
@: wreathed by umbra, lightly drained
A: claws 1, magic regeneration, foul shadow 2
a: no special abilities


You escaped.
You visited 1 branch of the dungeon, and saw 6 of its levels.
You also visited: Ossuary.

You collected 199 gold pieces.

Inventory:

Hand Weapons
 f - a +2 short sword of venom
 q - a +1 whip of electrocution (weapon)
Armour
 a - a +0 robe (worn)
Jewellery
 r - a ring of fire
 t - a ring of protection from fire (left claw)
Scrolls
 c - 2 scrolls of revelation {unknown}
 g - a scroll of blinking {unknown}
 i - 2 scrolls of fog {unknown}
 j - 3 scrolls of enchant armour {unknown}
 n - 2 scrolls of fear {unknown}
 o - 5 scrolls of teleportation
 p - a scroll of noise {unknown}
 v - a scroll of brand weapon {unknown}
 w - 2 scrolls of enchant weapon {unknown}
 x - 2 scrolls of identify {unknown}
Potions
 b - 2 potions of magic
 d - 5 potions of curing
 e - 3 potions of mutation {unknown}
 h - 2 potions of resistance {unknown}
 k - a potion of invisibility {unknown}
 l - 3 potions of brilliance {unknown}
 m - 2 potions of might {unknown}
 s - a potion of enlightenment {unknown}
 u - 4 potions of heal wounds {unknown}


   Skills:
 + Level 5.2 Fighting
 - Level 1.7 Dodging
 - Level 1.7 Stealth
 + Level 5.1 Spellcasting
 - Level 1.0 Conjurations
 + Level 5.5 Earth Magic


You had 10 spell levels left.
You knew the following spells:

 Your Spells              Type           Power      Damage    Failure   Level
a - Sandblast             Erth           48%        2d12      1%          1
b - Passwall              Erth           24%        N/A       4%          3
c - Stone Arrow           Conj/Erth      32%        3d9       10%         3

Your spell library contained the following spells:

 Spells                   Type           Power      Damage    Failure   Level
 Brom's Barrelling Bould  Conj/Erth      16%        2d4       32%         4
 Tukima's Dance           Hex            4%         N/A       36%         3
 Animate Armour           Summ/Erth      28%        N/A       38%         4
 Petrify                  Alch/Erth      14%        N/A       38%         4
 Iskenderun's Mystic Bla Conj/Tloc 6%             2d4        (+2d1     71%         4
 Cause Fear               Hex            2%         N/A       78%         4
 Dimensional Bullseye     Hex/Tloc       2%         N/A       78%         4
 Fireball                 Conj/Fire      3%         3d4       96%         5
 Seismic Cannonade        Alch/Erth      7%         6d5       100%        7
 Lehudib's Crystal Spear  Conj/Erth      8%         10d3      100%        8
 Dragon's Call            Summ           2%         N/A       100%        9


Dungeon Overview and Level Annotations

Branches:
Dungeon (6/15) Zot: 26623 Ossuary (visited)
 Temple: D:4-7

Altars:
Ashenzari
Beogh

Annotations:
D:3 3 runed translucent doors, protoss039's ghost, amateur DsEE


Innate Abilities, Weirdness & Mutations

You have sharp fingernails.
You regenerate magic rapidly.
You are shadowed, sometimes releasing foul flame when damaged in melee.


Message History

Confirm with . or Enter, or press ? or * to list all spells.
Aiming: Stone Arrow (dangerous; 11% risk of failure)
Press: ? - help, Shift-Dir - straight line, f/p - wight
Aim: a wight, wielding a +0 great sword and wearing a +0 robe (severely damaged, umbra, 68% to hit)
The stone arrow hits the wight!
You destroy the wight!
You have reached level 8!
You feel clever.
Your demonic ancestry asserts itself...
Your magic begins to regenerate rapidly.
Your magical contamination has completely faded away.
Unknown command.
You start resting.
Magic restored.
You start resting.
HP restored.
There is a stone staircase leading up here.
You climb upwards.
There is a stone staircase leading down here.
What level of the Dungeon? (default 6, ? - help)
There is a stone staircase leading down here.
There is a stone staircase leading up here.
You climb upwards.
There is a stone staircase leading down here.
There is an open door here.
There is an open door here.
There is a stone staircase leading up here.
You climb upwards.
Level annotation: 3 runed translucent doors, protoss039's ghost, amateur DsEE
There is a stone staircase leading down here.
You see here 6 boomerangs.
There is a stone staircase leading up here.
You climb upwards.
There is a stone staircase leading down here.
There is an open door here.
There is a stone staircase leading up here.
You climb upwards.
There is a stone staircase leading down here.
You see here 3 large rocks.
There is a staircase leading out of the dungeon here.
You have escaped!

#######.......#...#...#
##### #.......#..P#.#.#
##########.##.#..P#.#.#
.....#####.##.#P..#.#.#
.....#........#P.P#.#.#
..........[..##P)P#.#.#
.....#.......##P.P#.#.#
.....#.......##P.P#...#
######..(....##P@P#####
.## #......###P.P# ..#
#......# #P.P#
#.####......# #P.P#
#....#(###### #P.P#
####.>.# #P.P# ##.##
#P.P# #.# #P.P# #.#####
#...#


There were no monsters in sight!

Vanquished Creatures
  An orc warrior (D:6)
  An ogre (D:4)
  2 elf zombies (Ossuary)
  A wight (D:6)
  2 centaur zombies (Ossuary)
  5 human zombies (Ossuary)
  A hound (D:5)
  2 orc wizards
  An iguana (D:5)
  A scorpion zombie (D:5)
  A bullfrog simulacrum (Ossuary)
  A crocodile zombie (Ossuary)
  3 hound zombies (D:5)
  3 hound skeletons (D:5)
  3 mummies (Ossuary)
  6 adders
  2 ufetubi (D:5)
  An adder skeleton (D:5)
  An adder zombie (D:5)
  A dart slug (D:4)
  A ribbon worm (D:3)
  12 orcs
  12 ball pythons
  3 bats
  An endoplasm (D:2)
  2 giant cockroaches
  7 goblins
  6 hobgoblins
  6 kobolds
  3 quokkas
  4 rats
96 creatures vanquished.

Notes
Turn   | Place    | Note
-------+----------+-------------------------------------------
     0 | D:1      | protoss039 the Demonspawn Earth Elementalist began the
                  | quest for the Orb.
     0 | D:1      | Reached XP level 1. HP: 13/13 MP: 3/3
    42 | D:1      | Gained mutation: You have sharp fingernails. [demonic
                  | ancestry]
    42 | D:1      | Reached XP level 2. HP: 20/20 MP: 0/5
   234 | D:1      | Reached skill level 1 in Fighting
   837 | D:2      | Gained mutation: You are faintly shadowed, very rarely
                  | releasing foul flame when damaged in melee. [demonic
                  | ancestry]
   837 | D:2      | Reached XP level 3. HP: 26/26 MP: 3/6
  1384 | D:2      | Learned a level 3 spell: Passwall
  1388 | D:2      | Learned a level 3 spell: Stone Arrow
  1793 | D:3      | Reached XP level 4. HP: 25/33 MP: 5/8
  2117 | D:3      | Found a runed translucent gate.
  2157 | D:3      | Found a runed translucent gate.
  2158 | D:3      | Found a runed translucent gate.
  2159 | D:3      | Noticed protoss039's ghost (amateur DsEE)
  2165 | D:3      | Found a roughly hewn altar of Beogh.
  2166 | D:3      | Identified the +1 sling "Beastbane" {flame, rPois rCorr}
  2787 | D:4      | Reached XP level 5. HP: 11/39 MP: 4/9
  3197 | D:4      | Noticed an ogre
  3203 | D:4      | Killed an ogre
  3252 | D:5      | Entered Level 5 of the Dungeon
  3452 | D:5      | Reached XP level 6. HP: 46/47 MP: 5/11
  3452 | D:5      | Found a sand-covered staircase.
  3496 | Ossuary  | Entered an ossuary
  3737 | Ossuary  | Gained mutation: You are shadowed, sometimes releasing foul
                  | flame when damaged in melee. [demonic ancestry]
  3737 | Ossuary  | Reached XP level 7. HP: 40/54 MP: 7/13
  4040 | Ossuary  | Reached skill level 5 in Earth Magic
  4711 | D:5      | Found a broken altar of Ashenzari.
  4894 | D:6      | Reached skill level 5 in Fighting
  4894 | D:6      | Reached skill level 5 in Spellcasting
  5017 | D:6      | Gained mutation: You regenerate magic rapidly. [demonic
                  | ancestry]
  5017 | D:6      | Reached XP level 8. HP: 27/61 MP: 1/15
  5260 | D:$      | Got out of the dungeon alive.

Illustrated notes

Levels and vault maps discovered:
D:1:      eino_arrival_tree_alley, layout_basic
D:2:      layout_basic
D:3:      layout_loops_corners, biasface_ghost_orc_armoury,
          amcnicky_mini_rare_corridor_liquid
D:4:      layout_gridville
D:5:      layout_loops_ring, lemuel_coloured_pillars_altar,
          mainiacjoe_ossuary_entry_find_the_door
D:6:      layout_basic, minmay_temple_entry_grid

Skill      XL: |  1  2  3  4  5  6  7 |
---------------+----------------------+-----
Fighting       | 1 2 3 4 5 |  5.2
Earth Magic    | 3 4 5 |  5.5
Spellcasting   | 3 4 5 |  5.1
Dodging        | |  1.7
Stealth        | |  1.7
Conjurations   | |  1.0

Action                     |  1- 3 |  4- 6 |  7- 9 || total
---------------------------+-------+-------+-------++-------
  Melee: Dagger            |    13 |       |       ||    13
         Unarmed           |     1 |       |       ||     1
         Short sword       |    53 |    44 |       ||    97
         Whip              |       |    38 |    21 ||    59
   Cast: Sandblast         |    16 |    51 |    27 ||    94
         Stone Arrow       |       |     3 |    18 ||    21
    Use: Potion            |       |     3 |       ||     3
         Scroll            |       |       |     1 ||     1
   Stab: Sleeping          |     8 |     5 |       ||    13
 Armour: Robe              |    28 |    74 |    34 ||   136
  Dodge: Dodged            |    44 |    84 |    14 ||   142

Table legend: (Time is in decaauts)
 A = Elapsed time spent in this place.
 B = Non-inter-level travel time spent in this place.
 C = Inter-level travel time spent in this place.
 D = Time resting spent in this place.
 E = Time spent auto-exploring this place.
 F = Levels seen in this place.
 G = Mean time per level.
                   A        B        C        D        E       F      G
               +--------+--------+--------+--------+--------+-----+--------+
         Total |   5310 |   5024 |    286 |    620 |   3522 |   7 |  758.6 |
       Dungeon |   4525 |   4239 |    286 |    250 |   3400 |   6 |  754.2 |
       Ossuary |    785 |    785 |      0 |    370 |    122 |   1 |  785.0 |
               +--------+--------+--------+--------+--------+-----+--------+

Top non-repeatable levels by time:
     D:3: 973 daAuts
     D:4: 933 daAuts
     D:5: 921 daAuts
 Ossuary: 785 daAuts
     D:2: 764 daAuts
     D:1: 679 daAuts
     D:6: 252 daAuts
